 Dungeon Crawl Stone Soup version 0.29.1 (webtiles) character file.

Game seed: 9517491603432736164

4 Frenzy the Chopper (level 1, -1/20 HPs)
             Began as a Hill Orc Berserker on Sept 14, 2022.
             Was a Follower of Trog.
             Frozen to death by an endoplasm (4 damage)
             ... on level 1 of the Dungeon.
             The game lasted 00:00:48 (59 turns).

Frenzy the Chopper (Hill Orc Berserker)               Turns: 59, Time: 00:00:49

Health: -1/20      AC:  2    Str: 19    XL:     1   Next: 70%
Magic:  1/1        EV: 12    Int:  7    God:    Trog [*.....]
Gold:   22         SH:  0    Dex: 10    Spells: 0/0 levels left

rFire   . . .      SeeInvis .   a - +0 hand axe
rCold   . . .      Faith    .   (no shield)
rNeg    . . .      Spirit   .   b - +0 animal skin
rPois   .          Reflect  .   (no helmet)
rElec   .          Harm     .   (no cloak)
rCorr   .          Rampage  .   (no gloves)
Will    .....                   (no boots)
Stlth   +.........              (no amulet)
HPRegen 0.06/turn               (no ring)
MPRegen 0.07/turn               (no ring)

@: no status effects
A: no striking features
a: Renounce Religion, Berserk


You were on level 1 of the Dungeon.
You worshipped Trog.
Trog was aware of your devotion.
You visited 1 branch of the dungeon, and saw 1 of its levels.

You collected 22 gold pieces.

Inventory:

Hand Weapons
 a - a +0 hand axe (weapon)
Armour
 b - a +0 animal skin (worn)
Scrolls
 c - a scroll of enchant weapon {unknown}
 d - a scroll of identify {unknown}


   Skills:
 + Level 3.8 Fighting
 + Level 4.1 Axes
 + Level 2.2 Armour
 + Level 1.6 Dodging


You couldn't memorise any spells.
You didn't know any spells.
Your spell library was empty.

Dungeon Overview and Level Annotations

Branches:
Dungeon (1/15)

Altars:


Message History

You closely miss the ball python.
The frilled lizard hisses angrily.
You hit the kobold.
You kill the kobold!
Trog accepts your kill. The ball python barely misses you.
The ball python constricts you.
You escape the ball python's grasp.
The ball python misses you. The ball python grabs you.
The ball python constricts you.
Things that are here:
a +0 short sword; a scroll labelled ILLOER NUZUCH; 2 gold pieces You escape the ball python's grasp.
You barely miss the frilled lizard. You hit the frilled lizard.
You kill the frilled lizard!
Trog accepts your kill. The ball python bites you.
* * * LOW HITPOINT WARNING * * *
The ball python grabs you. The ball python constricts you.
The frilled lizard barely misses you.
You miss the frilled lizard. You hit the ball python.
You kill the ball python!
Trog accepts your kill. The frilled lizard closely misses you.
You hit the frilled lizard.
You kill the frilled lizard!
Trog accepts your kill.
You see here a frilled lizard corpse.
d - a scroll labelled JOC ETISEJ You see here a frilled lizard corpse.
Found 12 gold pieces.
You now have 10 gold pieces.
You now have 22 gold pieces (gained 12).
Found 10 gold pieces.
An endoplasm comes into view.
The endoplasm freezes you.
You are frozen.
* * * LOW HITPOINT WARNING * * *
You see here 10 gold pieces.
The endoplasm freezes you.
You are frozen.
You die...

#........#.#
#.##.###.#.#
#.##..##.#.#
##.#......#.### .
#.......#†)...# .#
#..##..##..†..####.#
#..###.##.....#....#
#.J$................
#.#@#.###..........#
#......###.##.......
###~....##.##.......
#.....##.#....<...
≈≈≈≈≈≈≈#.##.......
#.######. #.......
#.# #......# #.#
#.....## #........#


You could see an endoplasm.

Vanquished Creatures
  A quokka (D:1)
  A ball python (D:1)
  3 frilled lizards (D:1)
  A kobold (D:1)
6 creatures vanquished.

Notes
Turn   | Place    | Note
-------+----------+-------------------------------------------
     0 | D:1      | Frenzy the Hill Orc Berserker began the quest for the Orb.
     0 | D:1      | Reached XP level 1. HP: 19/19 MP: 1/1
    59 | D:1      | Frozen to death by an endoplasm

Illustrated notes

Levels and vault maps discovered:
D:1:      dpeg_arrival_orchard, layout_loops_ring, serial_rivers,
          chequers_serial_rivers_small_a, chequers_serial_rivers_room_b,
          chequers_serial_rivers_small_b, chequers_serial_rivers_small_3,
          chequers_serial_rivers_micro_e, chequers_serial_rivers_micro_a,
          minmay_pentomino_p4

Action                   || total
-------------------------++-------
Melee: Hand axe          ||    13
Armor: Animal skin       ||     2
Dodge: Dodged            ||    10
